TOP OF THE 1ST |
UCLA Bruins batting - Pitching for Rice University Owls : RHP Bill Mullet
|
Pitching: RHP Bill Mullet
|
|
Batting: LHB Mark Cummings
|
0-0: Called Strike 0-1: Ball 1-1: Foul Ball, location: 2F 1-2: Ball 2-2: Foul Ball, location: 2F 2-2: Foul Ball, location: 2F 2-2: Ground out 5-3 (Groundball, 5, EV 89.4 MPH)
|
Batting: RHB Melvin Yanes
|
0-0: Ball 1-0: Fly out, F4 (Line Drive, 4, EV 63.8 MPH)
|
Batting: RHB Andy Knerr
|
0-0: Ball 1-0: Ground out 6-3 (Groundball, 6, EV 105.0 MPH)
|
Top of the 1st over - 0 runs, 0 hits, 0 errors, 0 left on base; UCLA 0 - Rice University 0 |
BOTTOM OF THE 1ST |
Rice University Owls batting - Pitching for UCLA Bruins : RHP Bruce Paredes
|
Pitching: RHP Bruce Paredes
|
|
Batting: LHB Chris Gonzales
|
0-0: Ball 1-0: Foul Ball, location: 2F 1-1: Ball 2-1: DOUBLE (Line Drive, 3D, EV 105.6 MPH)
|
Batting: RHB Javier Quinones
|
0-0: Ball 1-0: Ball 2-0: Ground out 6-3 (Groundball, 6, EV 102.5 MPH)
|
Batting: RHB Jose Soto
|
0-0: Foul Ball, location: 2F 0-1: Ball 1-1: Called Strike 1-2: Foul Ball, location: 2F 1-2: Ball 2-2: Ball 3-2: SINGLE (Line Drive, 78S, EV 93.1 MPH) Chris Gonzales to third Runner from 3rd tries for Home, SAFE, throw by CF to home
|
Batting: SHB Dave Van Sickle
|
0-0: Called Strike 0-1: Ball 1-1: Ball 2-1: Ball 3-1: Base on Balls Jose Soto to second
|
Batting: SHB Wendel van Baal
|
0-0: Called Strike 0-1: Ball 1-1: Grounds out, U3 (Groundball, 3L, EV 105.0 MPH) Jose Soto to third
|
Batting: RHB Allen Jarvis
|
0-0: Ground out 5-3 (Groundball, 5L, EV 101.2 MPH)
|
Bottom of the 1st over - 1 run, 2 hits, 0 errors, 2 left on base; UCLA 0 - Rice University 1 |
TOP OF THE 2ND |
UCLA Bruins batting - Pitching for Rice University Owls : RHP Bill Mullet
|
Batting: RHB Issac Konol
|
0-0: Foul Ball, location: 2F 0-1: DOUBLE (Line Drive, 89D, EV 112.5 MPH) - OUT at third base trying to stretch hit.
|
Batting: SHB Sean Munns
|
0-0: Swinging Strike 0-1: Foul Ball, location: 2F 0-2: Foul Ball, location: 2F 0-2: Ball 1-2: Fly out, F4 (Popup, 4D, EV 66.9 MPH)
|
Batting: RHB Dave Spradley
|
0-0: Foul Ball, location: 2F 0-1: Fly out, F6 (Popup, P, EV 81.9 MPH)
|
Top of the 2nd over - 0 runs, 1 hit, 0 errors, 0 left on base; UCLA 0 - Rice University 1 |
BOTTOM OF THE 2ND |
Rice University Owls batting - Pitching for UCLA Bruins : RHP Bruce Paredes
|
Batting: RHB Emanuel Pulido
|
0-0: Ball 1-0: Ball 2-0: Foul Ball, location: 2F 2-1: Called Strike 2-2: DOUBLE (Flyball, 89XD, EV 96.9 MPH)
|
Batting: RHB Brock Ti
|
0-0: Called Strike 0-1: Foul Ball, location: 2F 0-2: Ball 1-2: Strikes out swinging
|
Batting: RHB Kunimitsu Araki
|
0-0: Ball 1-0: Swinging Strike 1-1: Foul Ball, location: 2F 1-2: Strikes out swinging
|
Batting: LHB Chris Gonzales
|
0-0: Called Strike 0-1: Ball 1-1: Ball 2-1: Foul Ball, location: 2F 2-2: Ground out 4-3 (Groundball, 4, EV 87.5 MPH)
|
Bottom of the 2nd over - 0 runs, 1 hit, 0 errors, 1 left on base; UCLA 0 - Rice University 1 |
TOP OF THE 3RD |
UCLA Bruins batting - Pitching for Rice University Owls : RHP Bill Mullet
|
Batting: RHB Michael Alvarado
|
0-0: Called Strike 0-1: Ball 1-1: Ground out 6-3 (Groundball, 56, EV 90.0 MPH)
|
Batting: SHB Mike Beck
|
0-0: Ball 1-0: Swinging Strike 1-1: Ball 2-1: Ground out 1-3 (Groundball, 23, EV 68.8 MPH)
|
Batting: RHB Pete Devaux
|
0-0: Called Strike 0-1: Foul Ball, location: 2F 0-2: Strikes out looking
|
Top of the 3rd over - 0 runs, 0 hits, 0 errors, 0 left on base; UCLA 0 - Rice University 1 |
BOTTOM OF THE 3RD |
Rice University Owls batting - Pitching for UCLA Bruins : RHP Bruce Paredes
|
Batting: RHB Javier Quinones
|
0-0: Ground out 6-3 (Groundball, 6, EV 104.4 MPH)
|
Batting: RHB Jose Soto
|
0-0: Called Strike 0-1: SINGLE (Line Drive, 89S, EV 90.0 MPH)
|
Batting: SHB Dave Van Sickle
|
0-0: Called Strike 0-1: Ball 1-1: Fly out, F9 (Flyball, 9S, EV 80.6 MPH)
|
Batting: SHB Wendel van Baal
|
0-0: Called Strike 0-1: Foul Ball, location: 2F 0-2: Ground out U3 (Groundball, 23, EV 90.6 MPH)
|
Bottom of the 3rd over - 0 runs, 1 hit, 0 errors, 1 left on base; UCLA 0 - Rice University 1 |
TOP OF THE 4TH |
UCLA Bruins batting - Pitching for Rice University Owls : RHP Bill Mullet
|
Batting: LHB Mark Cummings
|
0-0: Ball 1-0: Ball 2-0: Fly out, F7 (Flyball, 7LM, EV 91.2 MPH)
|
Batting: RHB Melvin Yanes
|
0-0: Fly out, F4 (Flyball, 4MD, EV 86.9 MPH)
|
Batting: RHB Andy Knerr
|
0-0: Called Strike 0-1: Ball 1-1: Ball 2-1: DOUBLE (Line Drive, 9LM, EV 106.2 MPH)
|
Batting: RHB Issac Konol
|
0-0: Swinging Strike 0-1: Swinging Strike 0-2: DOUBLE (Line Drive, 7LM, EV 96.9 MPH) Andy Knerr scores
|
Batting: SHB Sean Munns
|
0-0: Called Strike 0-1: Foul Ball, location: 2F 0-2: Foul Ball, location: 2F 0-2: Fly out, F8 (Flyball, 8LD, EV 77.5 MPH)
|
Top of the 4th over - 1 run, 2 hits, 0 errors, 1 left on base; UCLA 1 - Rice University 1 |
BOTTOM OF THE 4TH |
Rice University Owls batting - Pitching for UCLA Bruins : RHP Bruce Paredes
|
Batting: RHB Allen Jarvis
|
0-0: Called Strike 0-1: Ball 1-1: Foul Ball, location: 2F 1-2: Ball 2-2: Ball 3-2: Fly out, F9 (Flyball, 9D, EV 86.9 MPH)
|
Batting: RHB Emanuel Pulido
|
0-0: SINGLE (Line Drive, 9S, EV 91.2 MPH)
|
Batting: RHB Brock Ti
|
0-0: Ball 1-0: Swinging Strike 1-1: SINGLE (Line Drive, 4MD, EV 97.5 MPH) Emanuel Pulido to second
|
Batting: RHB Kunimitsu Araki
|
0-0: Ball 1-0: Foul Ball, location: 2F 1-1: Foul Ball, location: 2F 1-2: Strikes out swinging
|
Pinch Hitting: RHB Caleb Mercer
|
0-0: Called Strike 0-1: Ball 1-1: Ball 2-1: Swinging Strike 2-2: Foul Ball, location: 2F 2-2: Ground out 1-3 (Groundball, 13S, EV 64.4 MPH)
|
Bottom of the 4th over - 0 runs, 2 hits, 0 errors, 2 left on base; UCLA 1 - Rice University 1 |
TOP OF THE 5TH |
UCLA Bruins batting - Pitching for Rice University Owls : RHP Bill Mullet
|
Now at C: Aldred Lieshout
|
|
Now at 1B: Neil Worth
|
|
Now at 2B: Alex Alvarez
|
|
Now in CF: Caleb Mercer
|
|
Batting: RHB Dave Spradley
|
0-0: Called Strike 0-1: Ball 1-1: Ball 2-1: Foul Ball, location: 2F 2-2: Ground out 4-3 (Groundball, 4S, EV 71.2 MPH)
|
Batting: RHB Michael Alvarado
|
0-0: Called Strike 0-1: Ball 1-1: Swinging Strike 1-2: Ball 2-2: DOUBLE (Flyball, 8LD, EV 101.9 MPH)
|
Batting: SHB Mike Beck
|
0-0: Swinging Strike 0-1: Ground out 2-3 (Groundball, 15S, EV 63.1 MPH) Michael Alvarado to third
|
Batting: RHB Pete Devaux
|
0-0: Ball 1-0: Foul Ball, location: 2F 1-1: Ground out 5-3 (Groundball, 56, EV 105.6 MPH)
|
Top of the 5th over - 0 runs, 1 hit, 0 errors, 1 left on base; UCLA 1 - Rice University 1 |
BOTTOM OF THE 5TH |
Rice University Owls batting - Pitching for UCLA Bruins : RHP Bruce Paredes
|
Now in CF: Melvin Yanes
|
|
Now in RF: Andy Pluskota
|
|
Pinch Hitting: RHB Jim Grosso
|
0-0: Fly out, F8 (Flyball, 8LM, EV 89.4 MPH)
|
Pinch Hitting: SHB Ken Wilson
|
0-0: SINGLE (Groundball, 56D, EV 101.2 MPH)
|
Batting: LHB Dejenie Mensah
|
0-0: Swinging Strike 0-1: Fielders Choice at 2nd, 5-4 (Groundball, 56S, EV 84.4 MPH)
|
Batting: RHB Neil Worth
|
0-0: Ball 1-0: Called Strike 1-1: Ball 2-1: Ground out 4-3 (Groundball, 4, EV 89.4 MPH)
|
Bottom of the 5th over - 0 runs, 1 hit, 0 errors, 1 left on base; UCLA 1 - Rice University 1 |
TOP OF THE 6TH |
UCLA Bruins batting - Pitching for Rice University Owls : RHP Bill Mullet
|
Pitching: LHP Joe Fleury
|
|
Now at 3B: Jim Grosso
|
|
Now in LF: Ken Wilson
|
|
Batting: LHB Andy Pluskota
|
0-0: Ball 1-0: Ground out 4-3 (Groundball, 34D, EV 87.5 MPH)
|
DELAY
|
Rain delay of 42 minutes in the 6th inning.
|
Batting: RHB Melvin Yanes
|
0-0: Called Strike 0-1: SINGLE (Line Drive, 6D, EV 98.8 MPH)
|
Pinch Hitting: LHB Scott Mullett
|
0-0: Called Strike 0-1: Ball 1-1: Called Strike 1-2: Strikes out swinging
|
Pinch Hitting: RHB Ethan Krause
|
0-0: Called Strike 0-1: Swinging Strike 0-2: Strikes out swinging
|
Top of the 6th over - 0 runs, 1 hit, 0 errors, 1 left on base; UCLA 1 - Rice University 1 |
BOTTOM OF THE 6TH |
Rice University Owls batting - Pitching for UCLA Bruins : RHP Bruce Paredes
|
Pitching: LHP Joe Landgraff
|
|
Now at 1B: Ethan Krause
|
|
Now in LF: Andy Pluskota
|
|
Now in RF: Scott Mullett
|
|
Batting: RHB Allen Jarvis
|
0-0: Ground out 6-3 (Groundball, 6MS, EV 90.6 MPH)
|
Batting: RHB Alex Alvarez
|
0-0: Called Strike 0-1: Fly out, F8 (Flyball, 8LXD, EV 101.2 MPH)
|
Batting: RHB Brock Ti
|
0-0: Called Strike 0-1: SINGLE (Line Drive, 4D, EV 104.4 MPH)
|
Batting: LHB Aldred Lieshout
|
0-0: Called Strike 0-1: Swinging Strike 0-2: Strikes out looking
|
Bottom of the 6th over - 0 runs, 1 hit, 0 errors, 1 left on base; UCLA 1 - Rice University 1 |
TOP OF THE 7TH |
UCLA Bruins batting - Pitching for Rice University Owls : LHP Joe Fleury
|
Pitching: RHP Manny Herrera
|
|
Batting: SHB Sean Munns
|
0-0: Fly out, F8 (Flyball, 8RXD, EV 91.9 MPH)
|
Batting: SHB Kevin Allen
|
0-0: Ball 1-0: Ground out 4-3 (Groundball, 13, EV 80.0 MPH)
|
Batting: RHB Michael Alvarado
|
0-0: Ground out 6-3 (Groundball, 6, EV 88.1 MPH)
|
Top of the 7th over - 0 runs, 0 hits, 0 errors, 0 left on base; UCLA 1 - Rice University 1 |
BOTTOM OF THE 7TH |
Rice University Owls batting - Pitching for UCLA Bruins : LHP Joe Landgraff
|
Pitching: RHP Carlos Rodriguez
|
|
Now at C: Chris Pounders
|
|
Batting: RHB Caleb Mercer
|
0-0: Called Strike 0-1: Fly out, F7 (Line Drive, 78M, EV 106.9 MPH)
|
Batting: RHB Jim Grosso
|
0-0: Called Strike 0-1: Foul Ball, location: 2F 0-2: Foul Ball, location: 2F 0-2: Ball 1-2: Strikes out swinging
|
Batting: SHB Ken Wilson
|
0-0: SINGLE (Flyball, 3D, EV 91.2 MPH)
|
Batting: LHB Dejenie Mensah
|
0-0: Called Strike 0-1: Foul Ball, location: 2F 0-2: Strikes out swinging
|
Bottom of the 7th over - 0 runs, 1 hit, 0 errors, 1 left on base; UCLA 1 - Rice University 1 |
TOP OF THE 8TH |
UCLA Bruins batting - Pitching for Rice University Owls : RHP Manny Herrera
|
Pitching: LHP Shan Ping
|
|
Pinch Hitting: SHB Steve Fouhy
|
0-0: Called Strike 0-1: Ground out 5-3 (Groundball, 56S, EV 81.2 MPH)
|
Batting: RHB Pete Devaux
|
0-0: Swinging Strike 0-1: SINGLE (Groundball, 6S, EV 60.0 MPH) (infield hit)
|
Batting: LHB Andy Pluskota
|
0-0: Fly out, F7 (Flyball, 7LS, EV 80.6 MPH)
|
Batting: RHB Melvin Yanes
|
0-0: Ball 1-0: Called Strike Pete Devaux is caught stealing 2nd base 2-4
|
Top of the 8th over - 0 runs, 1 hit, 0 errors, 0 left on base; UCLA 1 - Rice University 1 |
BOTTOM OF THE 8TH |
Rice University Owls batting - Pitching for UCLA Bruins : RHP Carlos Rodriguez
|
Pitching: RHP Juan Zatarain
|
|
Now at 3B: Steve Fouhy
|
|
Batting: RHB Neil Worth
|
0-0: Swinging Strike 0-1: Called Strike 0-2: Strikes out looking
|
Batting: RHB Allen Jarvis
|
0-0: Swinging Strike 0-1: Ball 1-1: Ball 2-1: Ball 3-1: Called Strike 3-2: Strikes out looking
|
Batting: RHB Alex Alvarez
|
0-0: Ball 1-0: Foul Ball, location: 2F 1-1: Ball 2-1: Ball 3-1: Swinging Strike 3-2: Foul Ball, location: 2F 3-2: Base on Balls
|
Batting: RHB Brock Ti
|
0-0: Called Strike 0-1: SINGLE (Flyball, 8RS, EV 93.8 MPH) Alex Alvarez to second
|
Batting: LHB Aldred Lieshout
|
0-0: Foul Ball, location: 2F 0-1: Ball Wild Pitch! Alex Alvarez to third Brock Ti to second 1-1: Foul Ball, location: 2F 1-2: Ball 2-2: Strikes out looking
|
Bottom of the 8th over - 0 runs, 1 hit, 0 errors, 2 left on base; UCLA 1 - Rice University 1 |
TOP OF THE 9TH |
UCLA Bruins batting - Pitching for Rice University Owls : LHP Shan Ping
|
Pitching: RHP Kenny Kirk
|
|
Batting: RHB Melvin Yanes
|
0-0: Fly out, F2 (Popup, 3SF, EV 80.0 MPH)
|
Batting: LHB Scott Mullett
|
0-0: Ball 1-0: Called Strike 1-1: Ball 2-1: Foul Ball, location: 2F 2-2: SINGLE (Flyball, 78S, EV 90.0 MPH)
|
Batting: RHB Ethan Krause
|
0-0: Foul Ball, location: 2F 0-1: Ball 1-1: Ball 2-1: Ball 3-1: Swinging Strike 3-2: Strikes out swinging
|
Batting: RHB Chris Pounders
|
0-0: Foul Ball, location: 2F 0-1: Foul Ball, location: 2F 0-2: Strikes out swinging
|
Top of the 9th over - 0 runs, 1 hit, 0 errors, 1 left on base; UCLA 1 - Rice University 1 |
BOTTOM OF THE 9TH |
Rice University Owls batting - Pitching for UCLA Bruins : RHP Juan Zatarain
|
Pitching: LHP Tyler Finn
|
|
Batting: RHB Caleb Mercer
|
0-0: Called Strike 0-1: SINGLE (Groundball, 13S, EV 70.0 MPH) (infield hit)
|
Pitching: LHP Marcus Finch
|
|
Batting: RHB Jim Grosso
|
0-0: Called Strike 0-1: Ball 1-1: Ball Caleb Mercer steals 2nd, throwing error, E2 Caleb Mercer to third 2-1: Ball 3-1: Fielders Choice at home, 5-2 (Groundball, 5S, EV 79.4 MPH)
|
Batting: SHB Ken Wilson
|
0-0: Foul Ball, location: 2F 0-1: Ball Jim Grosso steals 2nd base 1-1: Intentional Walk
|
Batting: RHB Bill Turcotte
|
0-0: Ball 1-0: Foul Ball, location: 2F 1-1: Fly out, F8 (Flyball, 8LM, EV 88.1 MPH)
|
Pinch Hitting: RHB Nick Biel
|
0-0: SINGLE (Line Drive, 4MD, EV 95.6 MPH) Jim Grosso to third Ken Wilson to second Throwing error, E8 Jim Grosso scores
|
Bottom of the 9th over - 1 run, 2 hits, 2 errors, 2 left on base; UCLA 1 - Rice University 2 |
|